 Dungeon Crawl Stone Soup version 0.26-a0-466-g989023bd0d (webtiles) character file.

Game seed: 16374891948509912992

658202 tootles the Conqueror (level 27, -2/323 HPs)
             Began as an Ogre Berserker on Aug 3, 2020.
             Was a High Priest of Trog.
             Slain by a Killer Klown
             ... wielding a +11 club of flaming
              (21 damage)
             ... on level 5 of the Realm of Zot.
             The game lasted 04:23:31 (103495 turns).

tootles the Conqueror (Ogre Berserker)            Turns: 103495, Time: 04:23:32

Health: -2/323     AC: 42    Str: 41    XL:     27
Magic:  32/32      EV: 12    Int:  8    God:    Trog [*****.]
Gold:   4753       SH:  5    Dex: 12    Spells: 26/26 levels left

rFire    + + .     SeeInvis .   a - +9 giant spiked club (spect)
rCold    + + .     Faith    .   (shield currently unavailable)
rNeg     + . .     Spirit   .   R - +11 gold dragon scales
rPois    +         Reflect  +   W - +5 hat of Past Mistakes {rF+ Regen+ Str-4 Dex+7}
rElec    .         Harm     .   n - +0 cloak of Pantheism {rN+ rCorr} (curse)
rCorr    +                      (gloves unavailable)
MR       ++++.                  (boots unavailable)
Stlth    ..........             s - amulet of reflection
HPRegen  2.43/turn              j - ring "Gonn" {*Slow MP+9 Str+7 Dex-3 Slay+5}
MPRegen  0.23/turn              d - +4 ring of slaying

@: mighty, lethally poisoned (-2 -> -2), berserk cooldown, regenerating, hasted
and slowed, studying 2 skills
A: large, unfitting armour, cold resistance 1, regeneration 1, tough skin 1
}: 3/15 runes: serpentine, barnacled, silver
a: Berserk, Trog's Hand, Brothers in Arms, Renounce Religion


You were on level 5 of the Realm of Zot.
You worshipped Trog.
Trog was extremely pleased with you.
You visited 10 branches of the dungeon, and saw 52 of its levels.
You visited the Abyss 2 times.
You also visited: Trove, Sewer, Ossuary, Bailey, Gauntlet, Ice Cave and Desolation.

You collected 11276 gold pieces.
You spent 6523 gold pieces at shops.

Inventory:

Hand Weapons
 a - a +9 spectral giant spiked club (weapon)
 b - the +8 demon whip of the Imperium {flame, SInv}
   (Trog gifted it to you on level 2 of the Crypt)

   It has been specially enchanted to burn those struck by it, causing extra
   injury to most foes and up to half again as much damage against particularly
   susceptible opponents.
   It lets you see invisible.
Missiles
 p - 12 curare-tipped darts
 r - 79 silver javelins (quivered)
 S - 137 large rocks
 Z - 67 javelins
Armour
 n - the cursed +0 cloak of Pantheism (worn) {rN+ rCorr}
   (You found it in a Gauntlet)

   It protects you from negative energy.
   It provides partial protection from all sources of acid and corrosion.
   It has a curse placed upon it.
 O - a +0 tower shield of fire resistance
 R - +11 gold dragon scales (worn)
 W - the +5 hat of Past Mistakes (worn) {rF+ Regen+ Str-4 Dex+7}
   (You found it on level 2 of the Depths)

   It affects your strength (-4).
   It affects your dexterity (+7).
   It protects you from fire.
   It increases your rate of regeneration.
Jewellery
 c - the ring "Puxadoep" {rN+ Str+4}
   (You found it on level 3 of the Depths)

   [ring of positive energy]

   It affects your strength (+4).
   It protects you from negative energy.
 d - a +4 ring of slaying (right hand)
 j - the ring "Gonn" (left hand) {*Slow MP+9 Str+7 Dex-3 Slay+5}
   (You bought it in a shop on level 1 of the Depths)

   [ring of magical power]

   It affects your strength (+7).
   It affects your dexterity (-3).
   It affects your accuracy and damage with ranged weapons and melee attacks
   (+5).
   It affects your magic capacity (+9).
   It may slow you when you take damage.
 s - an amulet of reflection (around neck)
 C - the ring of the Mage {Wiz MR++ Int+3}
   (You found it on level 5 of the Vaults)

   [ring of wizardry]

   It improves your spell success rate.
   It affects your intelligence (+3).
   It affects your resistance to hostile enchantments.
 D - the ring of the Philosopher {Str+6 SInv}
   (You took it off a deep elf demonologist on level 3 of the Elven Halls)

   [ring of see invisible]

   It affects your strength (+6).
   It lets you see invisible.
 V - the ring "Gefeuxt" {rElec rN+}
   (You found it on level 6 of the Lair of Beasts)

   [ring of positive energy]

   It insulates you from electricity.
   It protects you from negative energy.
Wands
 e - a wand of acid (44)
 f - a wand of digging (10)
 y - a wand of iceblast (131)
 A - a wand of clouds (22)
Scrolls
 h - 12 scrolls of fog
 i - 5 scrolls of immolation
 k - 30 scrolls of remove curse
 l - 17 scrolls of teleportation
 B - a scroll of holy word
 E - 5 scrolls of identify
 K - 6 scrolls of blinking
 M - 4 scrolls of summoning
 P - 5 scrolls of fear
 T - a scroll of silence
Potions
 g - 19 potions of flight
 o - 3 potions of haste
 q - 7 potions of mutation
 t - 19 potions of curing
 u - 15 potions of heal wounds
 w - 11 potions of magic
 x - 8 potions of ambrosia
 G - 5 potions of resistance
 H - 7 potions of might
 I - 10 potions of stabbing
 J - 5 potions of lignification
 N - 2 potions of cancellation
 Q - a potion of invisibility
Books
 F - a manual of
Armour
 Y - a manual of Shields
Miscellaneous
 v - 3 boxes of beasts
 z - 9 phantom mirrors
 L - a tin of tremorstones (3/3)


   Skills:
 O Level 27 Fighting
 - Level 22.0 Maces & Flails
 * Level 22.7 Throwing
 - Level 21.3 Armour
 * Level 12.4 Dodging
 - Level 12.6 Shields
 - Level 9.0 Evocations


You had 26 spell levels left.
You didn't know any spells.
Your spell library was empty.

Dungeon Overview and Level Annotations

Branches:
Dungeon (15/15)            Temple (0/1) D:4            Lair (6/6) D:8
 Shoals (4/4) Lair:4        Snake (4/4) Lair:2        Slime (0/5) Lair:6
    Orc (2/2) D:11            Elf (3/3) Orc:2        Vaults (5/5) D:13
  Crypt (3/3) Vaults:2       Tomb (0/3) Crypt:3      Depths (5/5) D:15
    Zot (5/5) Depths:5      Sewer (visited)         Ossuary (visited)
 Bailey (visited)           IceCv (visited)         Desolation (visited)
Gauntlet (visited)

Altars:
Dithmenos
Elyvilon
Gozag
Kikubaaqudgha
Nemelex Xobeh
Ru
Trog
Uskayaw
Vehumet
Xom
Beogh

Shops:
D:5 }[   D:11 ((   D:13 *   Orc:1 [   Orc:2 *[::*   Elf:3 :   Shoals:1 [
Vaults:5 [!   Depths:1 ==}

Portals:
Hell: Depths:1 Depths:2 Depths:3 Depths:4 Depths:5
Abyss: Depths:2 Depths:4 Depths:5
Pandemonium: Depths:3 Depths:4 Depths:5
Ziggurat: Depths:3

Annotations:
D:8 exclusion: downstairs
D:13 exclusion: orange crystal statue
Elf:1 1 runed translucent door, Boomnuur's ghost, adept KoFE
Zot:2 1 runed translucent door, Afekh's ghost, master TrAr


Innate Abilities, Weirdness & Mutations

You are too large for most types of armour.
You have tough skin. (AC +1)
Your flesh is cold resistant. (rC+)
Your natural rate of healing is unusually fast.


Message History

The Killer Klown is moderately wounded.
Your extra speed is starting to run out.
Your spectral weapon misses the Killer Klown.
The Killer Klown barely misses you. The Orb Guardian closely misses you.
Unknown command.
You miss the Killer Klown.
The Killer Klown is moderately wounded.
You feel sick.
Your spectral weapon hits the Killer Klown!!!
You block the Orb Guardian's attack.
The Killer Klown slaps you but does no damage.
Unknown command.
You thump the Killer Klown!
The Killer Klown is severely wounded.
You feel sick.
Your spectral weapon hits the Killer Klown!!
The Orb Guardian hits you!
* * * LOW HITPOINT WARNING * * *
The Killer Klown eye-gouges you with a +11 club of flaming!!
You die...

**,,,,,.[...........## #......?
*,,,,,,^........^....# ##^.....
*,,,,,,..............# #......
*,,,,,,..............# ##......
*,,,,,,......(.......# #.......
*,^,,,,......(.......# ##.......
*^,,,,,......))......###........
**,,,,,.......X))...###...######
**,,,,..^....(@)..##....##
**,,,......(p)(.)....###
**,,...##▓▓▓▓▓▓▓▓▓▓▓#
**,,,..,,,,,,,,,,****
**,,,,.,,,,,,,^,,,,,,***
**,,,,,,^,,,,,,,,,,,,,,,**
*,,,,,,,,,,,,,,,,,,,,,,,,* *****
*,,,,,,,,,,,,,,,,^,,,,,,,***,,,,
**,,,,,,,,,,,,,,,,,,,,,,,**,,,,,


You could see a Killer Klown, an Orb Guardian and a friendly +9 spectral giant
spiked club (summoned).

Vanquished Creatures
  3 orbs of fire (Zot:5)
  2 ancient liches
  Mara (Depths:2)
  Boris (Crypt:2)
  Bai Suzhen (Vaults:3)
  Saint Roka (Vaults:3)
  2 Killer Klowns
  Vashnia (Snake:4)
  Frederick (Crypt:2)
  2 curse toes
  5 caustic shrikes
  11 golden dragons
  Jory (Vaults:3)
  A bone dragon (Vaults:2)
  An electric golem (Zot:1)
  16 tentacled monstrosities
  9 Orb Guardians (Zot:5)
  6 liches
  9 quicksilver dragons
  3 deep elf blademasters (Elf:3)
  7 death cobs
  4 titans
  4 ancient champions
  3 deep elf master archers (Elf:3)
  Frances (Shoals:1)
  2 tentacled starspawn
  Polyphemus (Shoals:2)
  Agnes (Snake:1)
  5 sphinxes
  2 krakens (Shoals:3)
  Roxanne (Snake:1)
  6 tengu reavers
  12 storm dragons
  Donald (Vaults:3)
  9 shadow dragons
  6 draconian monks
  Ilsuiw (Shoals:4)
  10 nagarajas
  3 revenants
  An iron dragon (Vaults:5)
  6 draconian knights
  13 fire giants
  12 frost giants
  17 vault wardens
  3 curse skulls
  4 deep elf sorcerers
  2 draconian shifters (Zot:5)
  5 deep elf elementalists
  6 ghouls
  3 imperial myrmidons (Desolation)
  Aizul (Snake:3)
  A draconian stormcaller (Zot:4)
  Louise (Elf:1)
  4 draconian scorchers
  A reaper (Crypt:3)
  12 ironheart preservers
  7 draconian annihilators
  2 spriggan defenders (Depths:4)
  3 war gargoyles (Vaults:5)
  5 green draconians
  A juggernaut skeleton (Crypt:2)
  6 vampire knights
  2 entropy weavers
  28 stone giants
  19 very ugly things
  13 black draconians
  6 deep elf demonologists
  8 yellow draconians
  8 deep elf annihilators
  3 halazid warlocks (Desolation)
  10 red draconians
  8 spark wasps
  A minotaur (Gauntlet)
  10 white draconians
  5 merfolk javelineers
  A death ooze (Gauntlet)
  A green death (Depths:4)
  3 purple draconians (Zot:1)
  13 ettins
  8 eidola
  6 merfolk impalers
  14 deep elf death magi
  A mummy priest (Crypt:3)
  13 jiangshi
  A crystal guardian (Desolation)
  4 ragged hierophants (Desolation)
  8 great orbs of eyes
  8 deep elf high priests
  16 fire dragons
  12 yaktaur captains
  Harold (Lair:1)
  12 ogre magi
  40 vault guards
  4 spriggan air magi
  15 naga warriors
  2 rakshasas
  14 ice dragons
  8 peacekeepers (Desolation)
  3 servants of whispers (Desolation)
  A great orb of eyes (shapeshifter) (Vaults:4)
  2 juggernaut simulacra (Depths:2)
  A caustic shrike simulacrum (Depths:2)
  9 centaur warriors
  4 hydras
  2 catoblepae
  5 anacondas
  3 alligator snapping turtles
  5 merfolk aquamancers
  26 dancing weapons
  5 death knights
  14 deep troll shamans
  A satyr (shapeshifter) (Vaults:5)
  A satyr (Shoals:4)
  42 two-headed ogres
  2 death yaks (Shoals:2)
  7 tengu warriors
  6 vampire magi
  10 deep troll earth magi
  5 thrashing horrors (Abyss:3)
  21 naga sharpshooters
  4 spriggan berserkers
  A queen ant (D:8)
  7 shock serpents
  Nergalle (D:10)
  7 soul eaters
  17 deep elf knights
  3 shadow wraiths
  4 iron trolls
  A storm dragon zombie (Crypt:3)
  2 hell knights
  A salamander mystic (Snake:4)
  17 skeletal warriors
  A wretched star (Abyss:3)
  A death drake (Zot:1)
  A fire crab (shapeshifter) (Vaults:1)
  2 unseen horrors (shapeshifter)
  A spark wasp zombie (Crypt:1)
  A spatial maelstrom (Abyss:3)
  A gelid demonspawn (Depths:4)
  A torturous demonspawn (Depths:4)
  41 deep trolls
  2 unseen horrors
  2 starcursed masses (Abyss:3)
  9 harpies
  An anaconda skeleton (Crypt:3)
  12 sea snakes
  2 anaconda zombies (Crypt:3)
  9 deep elf archers
  14 orc knights
  16 necromancers
  4 flayed ghosts
  2 glowing orange brains
  8 wizards
  14 ironbrand convokers
  22 phantasmal warriors
  A shadow dragon zombie (Crypt:3)
  4 naga ritualists
  2 harpies (shapeshifter)
  A spectral hydra (Gauntlet)
  3 lindwurms (Lair:6)
  A frost giant zombie (Crypt:3)
  10 mana vipers
  20 manticores
  8 orc sorcerers
  50 deep elf magi
  10 cyclopes
  7 wolf spiders
  A faun (shapeshifter) (Vaults:3)
  3 fauns (Shoals:2)
  7 salamanders
  2 salamanders (shapeshifter)
  A shadow dragon skeleton (Crypt:2)
  A mana viper (shapeshifter) (Vaults:3)
  Joseph (D:7)
  An iron dragon skeleton (Crypt:3)
  A dire elephant zombie (Crypt:3)
  24 ugly things
  3 worldbinders (Abyss:3)
  23 moths of wrath
  2 fire giant zombies
  28 black mambas
  4 elephants (Lair:3)
  A fire giant skeleton (Crypt:3)
  A rust devil (Depths:4)
  2 smoke demons (Abyss:3)
  A frost giant skeleton (Vaults:4)
  15 vault sentinels
  5 water nymphs
  2 cane toads (shapeshifter)
  A stone giant skeleton (Crypt:3)
  Maggie (D:6)
  22 naga magi
  An ice statue (IceCv)
  7 guardian serpents
  13 cane toads
  7 torpor snails
  A rime drake (Lair:2)
  6 gargoyles
  A yellow draconian zombie (Crypt:2)
  2 yaktaurs (shapeshifter)
  2 rime drakes (shapeshifter)
  11 komodo dragons
  3 yaktaur zombies
  45 yaktaurs
  4 human skeletons
  2 guardian mummies (Crypt:3)
  13 hellwings (Crypt:3)
  A tengu conjurer (Depths:2)
  26 freezing wraiths
  A black draconian skeleton (Crypt:2)
  A queen bee (shapeshifter) (Vaults:3)
  An ice devil (Depths:4)
  A queen bee (Lair:3)
  A hydra zombie (Crypt:3)
  A jumping spider (shapeshifter) (Vaults:4)
  35 merfolk
  A tyrant leech (Lair:6)
  A troll (shapeshifter) (Depths:3)
  16 trolls
  A harpy skeleton (Crypt:3)
  2 polar bears
  2 jumping spiders (Crypt:3)
  40 saltlings (Desolation)
  3 raiju (Abyss:3)
  36 slime creatures
  16 hornets
  A frost giant simulacrum (Vaults:4)
  3 wind drakes
  A raiju (shapeshifter) (Depths:1)
  20 dream sheep
  A hydra skeleton (Abyss:3)
  9 blink frogs (Lair:6)
  4 hippogriffs
  7 large abominations (Abyss:3)
  2 fire dragon zombies (Crypt:3)
  4 snapping turtles
  An ice dragon zombie (Crypt:3)
  An ettin skeleton (Crypt:2)
  2 tarantellas
  An alligator skeleton (Crypt:3)
  2 spriggans (Depths:3)
  An ushabti (Crypt:3)
  A ynoxinul (Gauntlet)
  6 flying skulls (Crypt:1)
  10 redbacks
  20 water elementals
  2 tarantellas (shapeshifter)
  14 wraiths
  A vampire (D:15)
  33 yaks
  2 shadows
  A fire dragon skeleton (Crypt:3)
  An air elemental (Elf:3)
  11 wyverns (Lair:6)
  2 humans
  2 neqoxecs
  A steam dragon (D:12)
  A fire elemental (Elf:3)
  Eustachio (D:6)
  3 hogs (D:12)
  4 vampire mosquitoes (D:14)
  5 basilisks
  37 nagas
  6 wargs
  20 soldier ants
  An acid dragon (Vaults:1)
  A cane toad zombie (Crypt:3)
  11 hell hounds (Depths:1)
  31 water moccasins
  7 porcupines
  Duvessa (D:7)
  66 orc warriors
  2 black bears
  3 sky beasts
  An eye of draining (shapeshifter) (Vaults:2)
  2 alligator simulacra (IceCv)
  9 ice beasts
  A snapping turtle zombie (Crypt:3)
  An eye of draining (D:11)
  7 necrophages
  3 phantoms
  An ice dragon simulacrum (Abyss:3)
  3 small abominations (Abyss:3)
  A swamp dragon zombie (Crypt:3)
  39 ogres
  12 boggarts
  21 centaurs
  3 wolves (Lair:3)
  10 crocodiles
  3 elf skeletons
  A big kobold (D:12)
  A gnoll sergeant (D:7)
  21 bullfrogs
  2 earth elementals
  2 wyvern zombies
  9 wyvern skeletons
  A yaktaur skeleton (Crypt:2)
  Dowan (D:7)
  A scorpion (D:8)
  A troll zombie (Crypt:1)
  An elephant simulacrum (IceCv)
  25 killer bees (Lair:3)
  3 human simulacra
  13 wights
  2 howler monkeys (D:10)
  5 electric eels
  2 crimson imps (Depths:4)
  A bullfrog zombie (D:10)
  6 draconian simulacra (IceCv)
  4 hounds
  A wyvern simulacrum (D:15)
  A bullfrog skeleton (D:10)
  4 human zombies (Crypt:1)
  7 jellies
  4 quasits
  3 centaur zombies
  30 orc priests
  Crazy Yiuf (D:4)
  5 iron imps
  Ijyb (D:3)
  7 centaur skeletons
  7 iguanas
  A basilisk skeleton (Crypt:1)
  39 orc wizards
  6 merfolk avatars
  11 merfolk sirens
  28 worker ants
  A porcupine skeleton (Crypt:1)
  3 spriggan simulacra (IceCv)
  A killer bee zombie (Crypt:2)
  6 troll simulacra (IceCv)
  A wolf simulacrum (IceCv)
  3 centaur simulacra
  A felid skeleton (Crypt:2)
  A big kobold skeleton (Crypt:1)
  9 mummies
  2 worker ant zombies
  Robin (D:4)
  13 gnolls
  A scorpion zombie (Crypt:1)
  17 adders
  2 naga simulacra (IceCv)
  An ogre simulacrum (IceCv)
  A river rat (Sewer)
  7 shadow imps
  A steam dragon skeleton (Crypt:1)
  16 white imps
  An ufetubus (Depths:4)
  An iguana zombie (Crypt:1)
  A worm zombie (D:8)
  2 adder skeletons
  5 worms
  4 dart slugs
  5 leopard geckos
  120 orcs
  3 bats
  13 giant cockroaches
  26 goblins
  8 hobgoblins
  4 jackals (D:4)
  5 quokkas
  14 ball pythons
  A dart slug zombie (Crypt:1)
  5 frilled lizards
  A frilled lizard zombie (Crypt:1)
  A gnoll zombie (Ossuary)
  A hobgoblin zombie (Ossuary)
  A jackal skeleton (D:3)
  38 kobolds
  3 kobold zombies (Ossuary)
  A leopard gecko zombie (D:3)
  An orc skeleton (Crypt:3)
  3 orc zombies (Ossuary)
  32 rats
  A rat zombie (Crypt:1)
  2 plants (Lair:6)
  A starspawn tentacle (Abyss:3)
  8 tentacles (Shoals:3)
  4 withered plants (Crypt:3)
2725 creatures vanquished.

Vanquished Creatures (collateral kills)
  The ghost of Valentain the Earth Mage, an adept OpEE of Vehumet (Depths:2)
  A merfolk impaler (Shoals:4)
  A fire dragon (Depths:2)
  An ogre mage (Depths:1)
  A rakshasa (Depths:1)
  A death scarab (Gauntlet)
  A two-headed ogre (Depths:1)
  A shock serpent (Snake:3)
  A sea snake (Shoals:4)
  A glowing orange brain (Depths:2)
  A manticore (Shoals:4)
  A black mamba (Snake:3)
  A merfolk siren (Shoals:4)
  2 naga magi (Snake:3)
  A torpor snail (Lair:6)
  A hornet (Lair:6)
  2 tyrant leeches (Lair:6)
  A wind drake (Shoals:4)
  A naga (Snake:3)
  A soldier ant (shapeshifter) (Depths:1)
22 creatures vanquished.

Vanquished Creatures (others)
  A fire giant (Vaults:4)
  A draconian stormcaller (Zot:3)
  A draconian annihilator (Zot:3)
  A vampire knight (Depths:2)
  A purple draconian (Zot:3)
  2 white draconians (Zot:3)
  A merfolk impaler (Shoals:4)
  An ogre mage (Vaults:1)
  A manticore (Shoals:4)
  A naga (Snake:4)
  A boggart (Depths:4)
  2 orcs
  2 demonic plants (Gauntlet)
  4 fungi
  18 plants
  2 starspawn tentacles (Abyss:3)
  5 tentacles (Shoals:3)
  11 withered plants
56 creatures vanquished.

Grand Total: 2803 creatures vanquished

Notes
Turn   | Place    | Note
-------+----------+-------------------------------------------
     0 | D:1      | tootles the Ogre Berserker began the quest for the Orb.
     0 | D:1      | Reached XP level 1. HP: 24/24 MP: 1/1
   412 | D:1      | Reached XP level 2. HP: 33/33 MP: 2/2
   995 | D:2      | Reached XP level 3. HP: 40/40 MP: 3/3
  1598 | D:2      | Reached ** piety under Trog
  1833 | D:2      | Reached skill level 5 in Fighting
  1988 | D:3      | Reached XP level 4. HP: 50/50 MP: 4/4
  2306 | D:3      | Found an opulent altar of Gozag.
  2332 | D:3      | Reached XP level 5. HP: 57/57 MP: 5/5
  2584 | D:3      | Gained mutation: Your natural rate of healing is unusually
                  | fast. [potion of mutation]
  2584 | D:3      | Gained mutation: Your flesh is cold resistant. (rC+)
                  | [potion of mutation]
  2725 | D:3      | Reached skill level 5 in Maces & Flails
  2730 | D:3      | Reached XP level 6. HP: 43/67 MP: 6/6
  3122 | D:3      | Noticed Ijyb
  3128 | D:3      | Killed Ijyb
  3647 | D:4      | Reached skill level 6 in Fighting
  3657 | D:4      | Noticed Robin
  3679 | D:4      | Killed Robin
  3979 | D:4      | Found a runed translucent door.
  3980 | D:4      | Noticed Crazy Yiuf
  3989 | D:4      | Killed Crazy Yiuf
  3989 | D:4      | Reached skill level 1 in Throwing
  4054 | D:4      | Reached *** piety under Trog
  4098 | D:4      | Reached XP level 7. HP: 75/75 MP: 7/7
  4295 | D:4      | Found a staircase to the Ecumenical Temple.
  4456 | D:5      | Entered Level 5 of the Dungeon
  4678 | D:5      | Found Rituen's Armour Shop.
  4691 | D:5      | Reached skill level 1 in Shields
  4781 | D:5      | Reached skill level 7 in Fighting
  4839 | D:5      | Found a glowing drain.
  4847 | Sewer    | Entered a sewer
  4920 | Sewer    | Reached **** piety under Trog
  4933 | Sewer    | Reached XP level 8. HP: 87/87 MP: 8/8
  5125 | Sewer    | Reached ***** piety under Trog
  5428 | D:5      | Found Uhituss's Gadget Boutique.
  5878 | D:6      | Found a sparkling altar of Nemelex Xobeh.
  6366 | D:6      | Reached skill level 8 in Fighting
  6647 | D:6      | Reached XP level 9. HP: 77/96 MP: 9/9
  6690 | D:6      | Noticed Eustachio
  6712 | D:6      | Killed Eustachio
  6953 | D:6      | Noticed Maggie
  6976 | D:6      | Killed Maggie
  6976 | D:6      | Reached skill level 9 in Fighting
  8043 | D:7      | Noticed Joseph
  8069 | D:7      | HP: 4/101 [Joseph/cursed -1 quarterstaff (8)]
  8075 | D:7      | HP: 5/101 [Joseph/cursed -1 quarterstaff (12)]
  8075 | D:7      | HP: 2/101 [gnoll/+0 spear (3)]
  8077 | D:7      | Killed Joseph
  8077 | D:7      | Reached skill level 10 in Fighting
  8077 | D:7      | Reached skill level 10 in Maces & Flails
  8077 | D:7      | Reached XP level 10. HP: 7/110 MP: 10/10
  8415 | D:7      | Found a bloodstained altar of Trog.
  8456 | D:7      | Found a radiant altar of Vehumet.
  8456 | D:7      | Found a shimmering altar of Xom.
  8456 | D:7      | Found a white marble altar of Elyvilon.
  8505 | D:7      | Received a gift from Trog
  8650 | D:7      | Noticed Duvessa
  8650 | D:7      | Noticed Dowan
  8662 | D:7      | Killed Dowan
  8673 | D:7      | Killed Duvessa
  8905 | D:7      | Reached skill level 5 in Shields
  9498 | D:8      | Found a sand-covered staircase.
  9503 | Ossuary  | Entered an ossuary
 10027 | D:8      | Found a staircase to the Lair.
 10633 | D:8      | Reached skill level 5 in Throwing
 10768 | D:8      | Found a shadowy altar of Dithmenos.
 11093 | D:9      | Reached XP level 11. HP: 119/119 MP: 11/11
 11135 | D:9      | Reached skill level 11 in Fighting
 11189 | D:9      | Received a gift from Trog
 11212 | D:9      | Noticed a queen ant
 11584 | D:8      | Killed a queen ant
 12028 | D:9      | Noticed a two-headed ogre
 12039 | D:9      | Killed a two-headed ogre
 12193 | D:9      | You fall into a shaft and drop 2 floors!
 12379 | D:10     | Entered Level 10 of the Dungeon
 12463 | D:10     | Reached skill level 12 in Fighting
 12825 | D:9      | Noticed a +0 dagger
 12826 | D:9      | Found a hide-covered altar of Uskayaw.
 12826 | D:9      | Noticed a +0 dagger
 13165 | D:10     | Noticed Nergalle
 13175 | D:10     | Noticed a spectral orc warlord
 13180 | D:10     | Killed Nergalle
 13180 | D:10     | Reached skill level 1 in Armour
 13220 | D:10     | Found a portal to a secret trove of treasure.
 13297 | D:10     | Reached XP level 12. HP: 132/132 MP: 12/12
 13417 | D:10     | Found a sacrificial altar of Ru.
 13664 | D:11     | Found Leuwaig's Weapon Emporium.
 13718 | D:11     | Found a staircase to the Orcish Mines.
 13774 | D:11     | Found Zelligas's Antique Weapon Emporium.
 14202 | D:11     | Noticed a two-headed ogre
 14210 | D:11     | Killed a two-headed ogre
 14515 | D:12     | Noticed a death knight
 14625 | D:12     | Noticed a death knight
 14644 | D:11     | Reached ****** piety under Trog
 14863 | D:12     | Received a gift from Trog
 14913 | D:12     | Killed a death knight
 14913 | D:12     | Reached skill level 13 in Fighting
 15174 | D:11     | Killed a death knight
 16107 | D:12     | Identified the cursed +1 leather armour "Zagefov" {*Slow
                  | rElec Int+4 Stlth+}
 16303 | D:12     | Reached skill level 5 in Armour
 16625 | D:12     | Reached XP level 13. HP: 143/143 MP: 13/13
 16849 | D:13     | Found a gate to the Vaults.
 16849 | D:13     | Noticed a vault guard
 16849 | D:13     | Noticed a vault guard
 16849 | D:13     | Noticed a vault guard
 16849 | D:13     | Noticed a vault guard
 16906 | D:13     | Killed a vault guard
 16906 | D:13     | Reached skill level 14 in Fighting
 16929 | D:13     | Killed a vault guard
 17219 | D:13     | Killed a vault guard
 17540 | D:13     | Found Duemateu's Assorted Antiques.
 17769 | D:13     | Bought a shiny ivory ring for 115 gold pieces
 18146 | D:13     | Killed a vault guard
 18665 | D:14     | Found a roughly hewn altar of Beogh.
 18949 | D:14     | Found a frozen archway.
 18969 | IceCv    | Entered an ice cave
 18975 | IceCv    | Received a gift from Trog
 19311 | IceCv    | Reached skill level 15 in Fighting
 19532 | IceCv    | Found an ancient bone altar of Kikubaaqudgha.
 20400 | IceCv    | Reached XP level 14. HP: 158/158 MP: 14/14
 20524 | D:14     | Received a gift from Trog
 22194 | D:15     | Entered Level 15 of the Dungeon
 22250 | D:15     | Reached skill level 16 in Fighting
 23125 | D:15     | Received a gift from Trog
 23183 | D:15     | Found a staircase to the Depths.
 23765 | Lair:1   | Entered Level 1 of the Lair of Beasts
 23811 | Lair:1   | Noticed Harold
 23835 | Lair:1   | Killed Harold
 24972 | Lair:2   | Reached skill level 17 in Fighting
 25039 | Lair:2   | Found a staircase to the Snake Pit.
 25113 | Lair:2   | Received a gift from Trog
 25626 | Lair:3   | Reached XP level 15. HP: 154/173 MP: 15/15
 26880 | Lair:4   | Found a staircase to the Shoals.
 27673 | Lair:4   | Received a gift from Trog
 28046 | Lair:5   | Reached skill level 18 in Fighting
 28109 | Lair:5   | Reached skill level 10 in Throwing
 28348 | Lair:5   | Found a gate leading to a gauntlet.
 28358 | Gauntlet | Entered a Gauntlet
 28358 | Gauntlet | Found a transporter.
 28371 | Gauntlet | Found a transporter.
 28382 | Gauntlet | Found a transporter.
 28387 | Gauntlet | Found a transporter.
 28404 | Gauntlet | Found a transporter.
 28422 | Gauntlet | Found a transporter.
 28434 | Gauntlet | Found a transporter.
 28446 | Gauntlet | Found a transporter.
 28454 | Gauntlet | Found a large runed translucent door.
 28455 | Gauntlet | Found a large runed translucent door.
 28456 | Gauntlet | Found a large runed translucent door.
 28456 | Gauntlet | Found a large runed translucent door.
 28457 | Gauntlet | Found a runed translucent gate.
 28458 | Gauntlet | Found a transporter.
 28458 | Gauntlet | Found a runed translucent gate.
 28459 | Gauntlet | Found a runed translucent gate.
 28460 | Gauntlet | Found a large runed translucent door.
 28460 | Gauntlet | Found a large runed translucent door.
 28461 | Gauntlet | Found a large runed translucent door.
 28462 | Gauntlet | Found a large runed translucent door.
 28470 | Gauntlet | Found a transporter.
 28487 | Gauntlet | Found a transporter.
 28501 | Gauntlet | Found a large runed translucent door.
 28502 | Gauntlet | Found a large runed translucent door.
 28503 | Gauntlet | Found a large runed translucent door.
 28503 | Gauntlet | Found a large runed translucent door.
 28504 | Gauntlet | Found a runed translucent door.
 28505 | Gauntlet | Found a transporter.
 28506 | Gauntlet | Found a runed translucent door.
 28507 | Gauntlet | Found a transporter.
 28507 | Gauntlet | Found a large runed translucent door.
 28507 | Gauntlet | Found a large runed translucent door.
 28508 | Gauntlet | Found a large runed translucent door.
 28532 | Gauntlet | Found a transporter.
 28534 | Gauntlet | Found a transporter.
 28554 | Gauntlet | Found a transporter.
 28632 | Gauntlet | Found a transporter.
 28652 | Gauntlet | Found a transporter.
 28668 | Gauntlet | Found a large runed translucent door.
 28952 | Gauntlet | Reached skill level 15 in Maces & Flails
 28986 | Gauntlet | Identified the cursed +0 cloak of Pantheism {rN+ rCorr}
                  | (You found it in a Gauntlet)
 29120 | Gauntlet | Identified the +2 hunting sling "Unogh" {freeze, +Blink rN+
                  | Str+4}
 29792 | Lair:6   | Entered Level 6 of the Lair of Beasts
 29924 | Lair:6   | Found a staircase to the Slime Pits.
 30121 | Lair:6   | Received a gift from Trog
 30727 | Lair:6   | Paralysed by a hornet for 3 turns
 30762 | Lair:6   | Reached XP level 16. HP: 145/187 MP: 16/16
 31024 | Lair:6   | Reached skill level 19 in Fighting
 31528 | Lair:6   | Got a pitted ivory ring
 31543 | Lair:6   | Identified the ring "Gefeuxt" {rElec rN+} (You found it on
                  | level 6 of the Lair of Beasts)
 31591 | Lair:6   | Found a runed translucent door.
 31731 | Lair:6   | Paralysed by a hornet for 3 turns
 31741 | Lair:6   | Received a gift from Trog
 32444 | Orc:1    | Entered Level 1 of the Orcish Mines
 32444 | Orc:1    | Found Xoavoxt's Antique Armour Shop.
 32516 | Orc:1    | Found a flagged portal.
 32577 | Bailey   | Entered a bailey
 33052 | Orc:1    | Received a gift from Trog
 33360 | Orc:1    | Identified the +9 flail of Crusades {vorpal, +Fly Int+8
                  | Dex-3 Stlth+} (Trog gifted it to you on level 1 of the
                  | Orcish Mines)
 33375 | Orc:2    | Entered Level 2 of the Orcish Mines
 33580 | Orc:2    | Found a staircase to the Elven Halls.
 33826 | Orc:2    | Reached skill level 1 in Evocations
 34100 | Orc:2    | Found Opiegaor's Book Boutique.
 34100 | Orc:2    | Found Wufelo's Antique Armour Shoppe.
 34102 | Orc:2    | Found Fothraz's Assorted Antiques.
 34104 | Orc:2    | Found Relist's Book Shop.
 34111 | Orc:2    | Bought a potion of might for 68 gold pieces
 34111 | Orc:2    | Bought a potion of heal wounds for 85 gold pieces
 34111 | Orc:2    | Bought 2 potions of heal wounds for 170 gold pieces
 34145 | Orc:2    | Found Otzoe's Assorted Antiques.
 34167 | Orc:2    | Bought a potion of heal wounds for 160 gold pieces
 34575 | Orc:1    | You fall into a shaft and drop 1 floor!
 35111 | Snake:1  | Entered Level 1 of the Snake Pit
 35116 | Snake:1  | Noticed Agnes
 35133 | Snake:1  | Killed Agnes
 35397 | Snake:1  | Received a gift from Trog
 35713 | Snake:1  | Reached skill level 10 in Armour
 36662 | Snake:1  | Noticed Roxanne
 36761 | Snake:1  | Killed Roxanne
 37025 | Snake:2  | Noticed a nagaraja
 37042 | Snake:2  | Killed a nagaraja
 37254 | Snake:2  | Found a sparkling altar of Nemelex Xobeh.
 37829 | Snake:2  | Reached skill level 20 in Fighting
 38244 | Snake:2  | Found the +4 robe of Augmentation {Str+4 Int+4 Dex+4}
 38481 | Snake:2  | Reached XP level 17. HP: 200/200 MP: 0/17
 38714 | Snake:2  | Got a crude hat
 38715 | Snake:2  | Identified the cursed +0 hat of Insurance {-Tele rN+ Int+7}
                  | (You found it on level 2 of the Snake Pit)
 39677 | Snake:3  | Noticed Aizul
 39696 | Snake:3  | Killed Aizul
 39699 | Snake:3  | Received a gift from Trog
 40889 | Snake:4  | Entered Level 4 of the Snake Pit
 41255 | Snake:4  | Noticed Vashnia
 41283 | Snake:4  | Killed Vashnia
 42404 | Snake:4  | Reached skill level 21 in Fighting
 43008 | Snake:4  | Received a gift from Trog
 43022 | Snake:4  | Reached XP level 18. HP: 202/214 MP: 18/18
 44701 | Snake:4  | Got a serpentine rune of Zot
 45693 | Vaults:1 | Entered Level 1 of the Vaults
 46590 | Vaults:1 | Received a gift from Trog
 48256 | Vaults:1 | Reached skill level 22 in Fighting
 48781 | Vaults:2 | Noticed a bone dragon
 48782 | Vaults:2 | Found a staircase to the Crypt.
 48794 | Vaults:2 | Killed a bone dragon
 48794 | Vaults:2 | Reached XP level 19. HP: 163/226 MP: 19/19
 49376 | Vaults:2 | Received a gift from Trog
 50563 | Vaults:3 | Noticed Saint Roka
 50590 | Vaults:3 | Killed Saint Roka
 51643 | Vaults:3 | Received a gift from Trog
 51644 | Vaults:3 | Reached skill level 5 in Evocations
 52040 | Vaults:3 | Noticed Bai Suzhen
 52057 | Vaults:3 | Killed Bai Suzhen
 52508 | Vaults:3 | Noticed Jory
 52519 | Vaults:3 | Noticed Donald
 52521 | Vaults:3 | Killed Jory
 52525 | Vaults:3 | Reached XP level 20. HP: 239/239 MP: 20/20
 52528 | Vaults:3 | Killed Donald
 53009 | Vaults:4 | Reached skill level 23 in Fighting
 53045 | Vaults:4 | Found a ruined gateway.
 53072 | Desolati | Entered the Desolation of Salt
 54120 | Desolati | Received a gift from Trog
 55731 | Desolati | Got a scintillating granite ring
 55732 | Desolati | Identified the ring "Qausatt" {rN+ MR- Str-4 Dex+9 Slay+5}
                  | (You found it in the Desolation of Salt)
 55807 | Desolati | HP: 17/361 [saltling (14)]
 56162 | Desolati | Got a vibrating jade amulet
 56260 | Desolati | Identified the amulet "Odwa Pira" {RegenMP *Slow Str+8
                  | Int+5} (You found it in the Desolation of Salt)
 56341 | Desolati | Received a gift from Trog
 58122 | Vaults:4 | Received a gift from Trog
 58187 | Vaults:4 | Reached skill level 15 in Armour
 58216 | Vaults:4 | Reached XP level 21. HP: 225/252 MP: 21/21
 58221 | Vaults:4 | Reached skill level 24 in Fighting
 58541 | Vaults:4 | HP: 6/253 [sphinx/divine providence (10)]
 58837 | Vaults:4 | Received a gift from Trog
 60122 | Depths:1 | Entered Level 1 of the Depths
 60546 | Crypt:1  | Entered Level 1 of the Crypt
 60654 | Crypt:1  | Received a gift from Trog
 60654 | Crypt:1  | Reached skill level 25 in Fighting
 61440 | Crypt:1  | Found an ancient bone altar of Kikubaaqudgha.
 62151 | Crypt:2  | Received a gift from Trog
 62238 | Crypt:2  | Reached XP level 22. HP: 259/267 MP: 22/22
 62252 | Crypt:2  | Got a bloodstained demon whip {god gift}
 62253 | Crypt:2  | Identified the +8 demon whip of the Imperium {flame, SInv}
                  | (Trog gifted it to you on level 2 of the Crypt)
 62657 | Orc:2    | Bought a manual of Shields for 1545 gold pieces
 63265 | Crypt:2  | Noticed Boris
 63276 | Crypt:2  | Killed Boris
 63445 | Crypt:2  | Noticed Frederick
 63457 | Crypt:2  | Killed Frederick
 63809 | Crypt:3  | Entered Level 3 of the Crypt
 64552 | Crypt:3  | Received a gift from Trog
 64587 | Crypt:3  | Identified the +7 eveningstar of Corporal Punishment
                  | {vorpal, rC++} (Trog gifted it to you on level 3 of the
                  | Crypt)
 64612 | Crypt:3  | Found an ancient bone altar of Kikubaaqudgha.
 64971 | Crypt:3  | Reached skill level 26 in Fighting
 64976 | Crypt:3  | Noticed an ancient lich
 65000 | Crypt:3  | Killed an ancient lich
 65138 | Crypt:3  | Got a coiled brass amulet
 65138 | Crypt:3  | Got a scorched jade ring
 65139 | Crypt:3  | Identified the ring of Music {rN+ SInv} (You found it on
                  | level 3 of the Crypt)
 65140 | Crypt:3  | Identified the amulet "Ixeschufu" {rN+ Regen+ Str-4 Dex+3}
                  | (You found it on level 3 of the Crypt)
 65585 | Crypt:3  | Found a staircase to the Tomb.
 66564 | Crypt:3  | Received a gift from Trog
 67105 | Depths:1 | Reached XP level 23. HP: 239/281 MP: 23/23
 67155 | Depths:1 | You fall into a shaft and drop 1 floor!
 67170 | Depths:2 | Noticed an ancient lich
 67170 | Depths:2 | Noticed Valentain's ghost (adept OpEE)
 67182 | Depths:2 | Found a transporter.
 67189 | Depths:2 | Found a transporter.
 68208 | Depths:2 | Reached skill level 15 in Throwing
 68470 | Depths:2 | Received a gift from Trog
 68527 | Depths:2 | Found a gateway to Hell.
 68807 | Depths:1 | You fall into a shaft and drop 1 floor!
 69294 | Depths:2 | Noticed Mara
 69505 | Depths:2 | Killed Mara
 69579 | Depths:2 | Found a shimmering altar of Xom.
 69621 | Depths:2 | Found a one-way gate to the infinite horrors of the Abyss.
 70359 | Depths:1 | Found Paschoga's Gadget Emporium.
 70359 | Depths:1 | Found Zocyov's Jewellery Shop.
 70360 | Depths:1 | Found Xacwatro's Jewellery Shop.
 70369 | Depths:1 | Bought the ring "Gonn" {*Slow MP+9 Str+7 Dex-3 Slay+5} for
                  | 762 gold pieces
 70371 | Depths:1 | Identified a scroll of acquirement
 70371 | Depths:1 | Acquired a +4 spectral giant spiked club
 70543 | Depths:1 | Paralysed by a great orb of eyes for 7 turns
 70563 | Depths:1 | HP: 17/421 [white very ugly thing (9)]
 71280 | Depths:1 | Received a gift from Trog
 71780 | Depths:1 | Identified the Disquisition on Ashen Transmutation
 72368 | Shoals:1 | Entered Level 1 of the Shoals
 72368 | Shoals:1 | Found Qiymet's Antique Armour Boutique.
 73572 | Shoals:1 | Noticed Frances
 73579 | Shoals:1 | Killed Frances
 73579 | Shoals:1 | Reached skill level 27 in Fighting
 74053 | Shoals:2 | Noticed Polyphemus
 74072 | Shoals:2 | Killed Polyphemus
 74534 | Shoals:2 | Reached XP level 24. HP: 294/294 MP: 23/23
 74539 | Shoals:2 | Received a gift from Trog
 76777 | Shoals:4 | Entered Level 4 of the Shoals
 76844 | Shoals:4 | Noticed Ilsuiw
 77287 | Shoals:4 | Killed Ilsuiw
 77466 | Shoals:4 | Received a gift from Trog
 78130 | Shoals:4 | Got a barnacled rune of Zot
 78495 | Elf:1    | Entered Level 1 of the Elven Halls
 78936 | Elf:1    | Noticed Louise
 78943 | Elf:1    | Killed Louise
 79015 | Elf:1    | Found a runed translucent door.
 79016 | Elf:1    | Noticed Boomnuur's ghost (adept KoFE)
 79407 | Elf:2    | Received a gift from Trog
 79619 | Elf:2    | Found a runed translucent gate.
 79619 | Elf:2    | Found a runed translucent gate.
 79621 | Elf:2    | Found a runed translucent gate.
 80592 | Elf:3    | Entered Level 3 of the Elven Halls
 80601 | Elf:3    | Found Weisov's Book Emporium.
 80818 | Elf:3    | Acquired the +2 hat of the Guild-Master {rN++ Int+6 Dex-2}
 81284 | Elf:3    | Received a gift from Trog
 81293 | Elf:3    | Cast into level 3 of the Abyss (a deep elf sorcerer)
 81615 | Abyss:3  | Lost dexterity.
 81687 | Elf:3    | Escaped the Abyss
 81693 | Elf:3    | Reached XP level 25. HP: 304/304 MP: 23/23
 82053 | Elf:3    | Cast into level 2 of the Abyss (a deep elf sorcerer)
 82117 | Elf:3    | Escaped the Abyss
 82554 | Elf:3    | Identified the ring of Urotety {rF+ Int+3 Dex-3 SInv}
 82789 | Elf:3    | Received a gift from Trog
 82795 | Elf:3    | Identified the +6 long sword of Grandeur {antimagic, rPois
                  | rC- Str+4}
 82795 | Elf:3    | Identified the ring of the Philosopher {Str+6 SInv}
 82953 | Elf:3    | Identified the +2 scale mail of Fortitude {Int+6}
 82957 | Elf:3    | Found the +8 storm bow {elec, penet}
 83264 | D:13     | Bought a potion of haste for 230 gold pieces
 83264 | D:13     | Bought a potion of heal wounds for 115 gold pieces
 83264 | D:13     | Bought a scroll of blinking for 172 gold pieces
 83434 | Depths:3 | Found a one-way gate leading to the halls of Pandemonium.
 83722 | Depths:3 | Found a gateway to a ziggurat.
 83800 | Depths:3 | Reached skill level 10 in Shields
 84104 | Depths:3 | Identified the ring "Dyskeduo" {EV+4 Str+4 Int+8}
 84548 | Depths:3 | Got a crude wooden ring
 84587 | Depths:3 | You fall into a shaft and drop 2 floors!
 84587 | Depths:5 | Entered Level 5 of the Depths
 85524 | Depths:4 | Got a shimmering steel amulet
 85525 | Depths:4 | Identified the ring "Puxadoep" {rN+ Str+4} (You found it on
                  | level 3 of the Depths)
 85526 | Depths:4 | Identified the amulet of Toxzun {RegenMP *Slow rF++ Str+2
                  | Int+4} (You found it on level 4 of the Depths)
 85709 | Depths:4 | Received a gift from Trog
 85772 | Depths:4 | Reached XP level 26. HP: 314/314 MP: 23/23
 87504 | Depths:4 | Paralysed by something for 6 turns
 88152 | Depths:4 | Identified the +5 great mace of Intuition {freeze, Str+6}
                  | (You found it on level 4 of the Depths)
 88764 | Depths:5 | Found a shadowy altar of Dithmenos.
 89684 | Depths:5 | Found a gate to the Realm of Zot.
 89953 | Depths:2 | Killed an ancient lich
 89953 | Depths:2 | Received a gift from Trog
 89954 | Depths:2 | Killed Valentain's ghost
 90006 | Depths:2 | Identified the +5 hat of Past Mistakes {rF+ Regen+ Str-4
                  | Dex+7} (You found it on level 2 of the Depths)
 90078 | Depths:1 | Bought a +4 ring of slaying for 1170 gold pieces
 90680 | D:13     | Bought 2 scrolls of immolation for 161 gold pieces
 91215 | Lair:2   | Acquired 850 gold pieces
 91220 | Lair:2   | Acquired 490 gold pieces
 91221 | Lair:2   | Acquired a manual of Dodging
 91856 | Vaults:4 | Identified the +8 giant club of Howkuito {vorpal, rElec
                  | rPois Str-5 Stlth-} (Trog gifted it to you on level 4 of
                  | the Vaults)
 92178 | D:5      | Bought a phantom mirror for 420 gold pieces
 92178 | D:5      | Bought a wand of clouds (6) for 420 gold pieces
 92178 | D:5      | Bought a phantom mirror for 420 gold pieces
 92551 | Vaults:5 | Entered Level 5 of the Vaults
 92561 | Vaults:5 | Reached XP level 27. HP: 309/323 MP: 23/23
 92795 | Vaults:5 | Received a gift from Trog
 93499 | Vaults:5 | Received a gift from Trog
 93506 | Vaults:5 | Reached skill level 5 in Dodging
 94761 | Vaults:5 | Found Fipuimn's Distillery.
 94800 | Vaults:5 | Bought a potion of heal wounds for 85 gold pieces
 94800 | Vaults:5 | Bought a potion of heal wounds for 85 gold pieces
 94876 | Vaults:5 | Found Ehenigg's Antique Armour Shoppe.
 95145 | Vaults:5 | Got a silver rune of Zot
 95364 | Vaults:5 | Identified the +8 quarterstaff of Callousness {vorpal, MR+}
 95562 | Vaults:5 | Found the ring of the Mage {Wiz MR++ Int+3}
 95578 | Vaults:5 | Got an ancient jade ring
 95579 | Vaults:5 | Identified the ring "Jar Ilan" {MR+ Dex+6} (You found it on
                  | level 5 of the Vaults)
 95669 | Vaults:5 | Bought a potion of resistance for 170 gold pieces
 95669 | Vaults:5 | Bought a potion of resistance for 170 gold pieces
 96056 | Zot:1    | Entered Level 1 of the Realm of Zot
 96489 | Zot:1    | Received a gift from Trog
 97660 | Zot:2    | Found a runed translucent door.
 97661 | Zot:2    | Noticed Afekh's ghost (master TrAr)
 97859 | Zot:2    | Found the amulet of Vitality {Regen+ HP+15}
100444 | D:10     | You paid a toll of a +7 demon whip to enter a treasure
                  | trove
100445 | Trove    | Entered a treasure trove
100476 | Trove    | Identified the +3 tower shield of the Moon {rElec rPois
                  | MR-} (You found it in a treasure trove)
100510 | Trove    | Got a steaming steel ring
100511 | Trove    | Identified the ring "Wyjim" {rPois Str+6} (You found it in
                  | a treasure trove)
101051 | Zot:4    | Received a gift from Trog
101262 | Zot:4    | Reached skill level 10 in Dodging
101964 | Zot:5    | Entered Level 5 of the Realm of Zot
101973 | Zot:5    | Acquired a manual of Armour
103430 | Zot:5    | Noticed an orb of fire
103440 | Zot:5    | Killed an orb of fire
103462 | Zot:5    | Noticed an orb of fire
103463 | Zot:5    | Noticed an orb of fire
103473 | Zot:5    | Killed an orb of fire
103481 | Zot:5    | Killed an orb of fire
103495 | Zot:5    | Slain by a Killer Klown

Illustrated notes

Levels and vault maps discovered:
D:1:      lightli_arrival_maybe_door_vault, layout_basic, minmay_tetromino_t2
D:2:      layout_loops_ring
D:3:      layout_basic, nicolae_gozag_seed_capital, uniq_ijyb
D:4:      layout_rooms, minmay_temple_entry_junction_2, uniq_crazy_yiuf_cottage,
          uniq_robin
D:5:      layout_loops_corners, cheibrodos_sewer_entry_bend, serial_shops, shop,
          shop_fountains, minmay_splitting_lines, minmay_misc_feat_four_crosses
D:6:      layout_cave_pools, nemelex_xobeh_ov_fountains_minmay, uniq_eustachio,
          uniq_maggie
D:7:      layout_loops_cross, kennysheep_mini_moat, grunt_temple_overflow_open,
          uniq_duvessa, uniq_joseph
D:8:      layout_loops_ring, grunt_dithmenos_shadows, minmay_lair_entry_grove,
          enter_ossuary_3
D:9:      layout_small_grid, dancing_weapons_uskayaw, dk_noncrumbling_4,
          hangedman_glass_teeth, minivault_29
D:10:     layout_roguey, nicolae_trove_entry_crossroad,
          nicolae_ru_path_of_blood, uniq_nergalle
D:11:     layout_long_grid, erik_orc_4, serial_shops, shop,
          nicolae_shop_behind_doors
D:12:     layout_cave_pools, grunt_livestock
D:13:     layout_basic, lightli_vaults_fourway_checkpoint, serial_shops,
          nicolae_shop_stone, serial_curves, eino_curves_02, eino_curves_03,
          eino_curves_01, minmay_statue_bubble
D:14:     minmay_thinvault, layout_basic, special_room [special_room_orc],
          roderic_lattice_a, portal_ice_cave_entry_pillars_1
D:15:     grunt_enter_depths_magical_seal, layout_loops_ring, chequers_big_river
Lair:1:   layout_gridlike, cheibrodos_lair_caveside_slide, uniq_harold
Lair:2:   layout_roguey, minmay_snake_entry_six_corridors, lemuel_fruit_fields
Lair:3:   layout_gridlike, special_room [special_room_bee], hibernation_bobbens
Lair:4:   layout_regular_city, elwin_shoals_entry_stream,
          minmay_shattered_shrine, grunt_megastairs_5
Lair:5:   layout_cave_pods, gauntlet_entry_generic, lemuel_fruit_fields
Lair:6:   hangedman_lair_tendril_chambers, layout_big_grid, wormcave,
          minmay_slime_entry_pillars
Shoals:1: layout_shoals, serial_shops,
          nicolae_shop_temple_entry_statues_fountains, uniq_frances
Shoals:2: layout_shoals, nicolae_shoals_flooded_hall, uniq_polyphemus
Shoals:3: layout_shoals, nicolae_shoals_circle_sea_wall,
          nicolae_shoals_water_elemental_grotto
Shoals:4: shoals_end_hangedman, layout_shoals, shoals_ilsuiw_ice
Snake:1:  layout_layer_cave, uniq_agnes, uniq_roxanne
Snake:2:  layout_onion, basic_altar, grunt_ministairs_7, serial_bayou_shore_a
Snake:3:  layout_rooms, uniq_aizul
Snake:4:  snake_pit, layout_misc_corridors, uniq_vashnia
Orc:1:    layout_caves, enter_bailey_3, serial_shops, shop
Orc:2:    st_orc_rangers, layout_diamond_mine, serial_shops,
          nicolae_shop_behind_doors
Elf:1:    layout_geoelf_octagon, ebering_ghost_inner_flame, evilmike_minifort,
          uniq_louise
Elf:2:    layout_onion_city
Elf:3:    minmay_elf_hall_statues, layout_gridlike, serial_shops, shop,
          minivault_19
Vaults:1: v_misc_27, vaults_standard_mumra_enter_the_diamond,
          nicolae_vaults_little_squares_6, v_pattern_3,
          nicolae_vaults_angled_halls, layout_vaults_chaotic_city
Vaults:2: v_misc_3, vaults_mumra_hexcomb, ontoclasm_vaults_eye,
          ontoclasm_vaults_gateway, v_misc_3, v_alt_pattern_1,
          minmay_crypt_entry_nasty_monster, nicolae_vaults_angled_halls,
          nicolae_vaults_shelves_hall, nicolae_vaults_little_squares_6,
          layout_vaults_omnicross, infiniplex_enter_wizlab_water
Vaults:3: hangedman_vaults_nodes, vaults_standard_mumra_lines,
          grunt_vaults_diagonal, v_misc_22, nicolae_vaults_twisting_passages,
          vaults_room_octagon, vaults_standard_mumra_enter_the_diamond,
          layout_vaults_quadrants, uniq_bai_suzhen, uniq_donald, uniq_jory,
          uniq_saint_roka
Vaults:4: st_greater_box_2, vaults_room_fours, nicolae_vaults_back_hallway,
          nicolae_vaults_yaktaur_gun_rack,
          nicolae_vaults_windows_and_doors_thing, ontoclasm_vaults_pinch,
          hangedman_vaults_cutoff, nicolae_vaults_network_star,
          nicolae_vaults_ring_of_whatevers, layout_vaults_maze_snakey,
          portal_desolation_entry_ruin
Vaults:5
Crypt:1:  layout_gridlike, lemuel_mausoleum_altar_kikubaaqudgha, uniq_margery
Crypt:2:  layout_misc_corridors, st_stairs_8, uniq_frederick, uniq_boris
Crypt:3:  evilmike_haunted_forest
Depths:1: minmay_rotating_shell, layout_cave_shapes, kennysheep_minor_cross,
          grunt_hell_horde, serial_bayou_pond_d, minmay_statues_item,
          kennysheep_just_a_vault, minmay_shop_grove
Depths:2: due_chaos_kobolds, layout_gridlike, gammafunk_ghost_mausoleum,
          pf_coc_iceberg, evilmike_butchery, uniq_mara
Depths:3: evilmike_diamond_1, layout_cave_pools, enter_ziggurat_f,
          pf_hell_entry_tar_spiral, grunt_pan_entry_spiral, kennysheep_nub
Depths:4: cheibrodos_spurs, layout_cave_shapes, grunt_pan_entry_sceptre,
          hell_entry, abyss_entry, hangedman_decor_clover_reticule
Depths:5: grunt_zot_entry_gee_three, layout_basic, abyss_entry,
          minmay_strange_pillars, grunt_pan_entry_in_and_out,
          grunt_hell_entry_dis_old, minmay_misc_feat_rows,
          corexii_hall_statues_s, argonaut_fire_from_heaven
Zot:1:    layout_cathedral_of_symmetry, st_small_dragon_hoard_5
Zot:2:    layout_concentric_octagons, ebering_ghost_inner_flame
Zot:3:    layout_cathedral_of_symmetry, grunt_ministairs_15, lemuel_flame_loot_1
Zot:4:    layout_onion_interference, grunt_megastairs_4
Zot:5:    layout_onion

Skill      XL: |  1  2  3  4  5  6  7  8  9 10 11 12 13 14 15 16 17 18 19 20 21 22 23 24 25 26 27 |
---------------+----------------------------------------------------------------------------------+-----
Maces & Flails | 3 4 5 6 8 10 12 13 14 15 16 17 18 19 20 21 22 | 22.0
Fighting       | 5 6 7 8 10 12 13 15 17 18 20 21 22 23 25 26 27 | 27.0
Throwing       | 1 2 3 5 7 9 10 12 13 14 16 17 19 20 22 | 22.7
Shields        | 1 2 4 5 6 9 11 12 | 12.6
Armour         | 1 5 6 7 9 10 12 13 14 15 16 17 18 21 | 21.3
Evocations     | 1 3 5 6 7 9 |  9.0
Dodging        | 12 | 12.4

Action                   |  1- 3 |  4- 6 |  7- 9 | 10-12 | 13-15 | 16-18 | 19-21 | 22-24 | 25-27 || total
-------------------------+-------+-------+-------+-------+-------+-------+-------+-------+-------++-------
Melee: Mace              |   103 |    12 |   345 |    23 |       |       |       |       |       ||   483
       Flail             |       |   174 |     7 |       |       |   903 |       |       |       ||  1084
       Giant spiked club |       |       |     9 |       |       |       |    86 |   161 |   611 ||   867
       Demon whip        |       |       |       |   857 |  1547 |   269 |       |  1345 |   515 ||  4533
       Giant club        |       |       |       |       |       |   272 |   949 |     7 |       ||  1228
Throw: Boomerang         |       |     4 |     6 |    60 |    49 |    14 |    16 |       |       ||   149
       Dart              |       |    11 |    17 |    43 |    36 |       |       |    28 |       ||   135
       Large rock        |       |       |       |       |    26 |    24 |    57 |    95 |   206 ||   408
       Javelin           |       |       |       |       |       |       |    18 |   127 |    44 ||   189
Invok: Berserk           |     3 |     7 |    11 |    22 |    29 |    41 |    16 |     9 |    11 ||   149
       Trog's Hand       |       |     1 |     2 |     6 |    12 |    15 |    11 |    14 |    13 ||    74
       Brothers in Arms  |       |       |       |       |     1 |     3 |     1 |     2 |     2 ||     9
 Abil: Evoke Flight      |       |       |     2 |       |       |     3 |       |       |       ||     5
Evoke: Wand              |       |       |       |       |     1 |     1 |     1 |     2 |     3 ||     8
  Use: Scroll            |       |     7 |     5 |     8 |    10 |     8 |    16 |    32 |    42 ||   128
       Potion            |       |     1 |     3 |     2 |       |     1 |     4 |    11 |     7 ||    29
 Stab: Sleeping          |       |       |     1 |     3 |     8 |       |       |       |     8 ||    20
       Distracted        |       |       |       |     1 |     1 |       |       |       |     4 ||     6
       Petrified         |       |       |       |       |       |       |       |     1 |       ||     1
       Invisible         |       |       |       |       |       |       |       |       |     2 ||     2
Armor: Animal skin       |    25 |    33 |   100 |    43 |       |       |       |       |       ||   201
       Acid dragon scale |       |       |       |    68 |   325 |    39 |       |       |       ||   432
       Ice dragon scales |       |       |       |       |       |   442 |   490 |   371 |    76 ||  1379
       Gold dragon scale |       |       |       |       |       |       |       |       |   684 ||   684
Dodge: Dodged            |    62 |    83 |   113 |   126 |   276 |   263 |   320 |   183 |   312 ||  1738
Block: Other             |       |    32 |    54 |       |       |    43 |   167 |    20 |   112 ||   428
       Reflection        |       |     3 |     1 |     2 |       |   225 |    20 |   107 |    57 ||   415
       Kite shield       |       |       |    96 |   289 |   588 |   882 |       |       |       ||  1855
       Tower shield      |       |       |       |       |       |       |       |  1019 |   504 ||  1523

Table legend: (Time is in decaauts)
 A = Elapsed time spent in this place.
 B = Non-inter-level travel time spent in this place.
 C = Inter-level travel time spent in this place.
 D = Time resting spent in this place.
 E = Time spent auto-exploring this place.
 F = Levels seen in this place.
 G = Mean time per level.
                   A        B        C        D        E       F      G
               +--------+--------+--------+--------+--------+-----+--------+
         Total | 102913 |  89715 |  13198 |  37268 |  36546 |  61 | 1687.1 |
       Dungeon |  26275 |  20815 |   5460 |   8307 |   8998 |  15 | 1751.7 |
          Lair |   8448 |   7033 |   1415 |   1896 |   3879 |   6 | 1408.0 |
        Shoals |   4304 |   3973 |    331 |    923 |   2243 |   4 | 1076.0 |
     Snake Pit |  10500 |  10192 |    308 |   6711 |   2227 |   4 | 2625.0 |
  Orcish Mines |   2451 |   1961 |    490 |    520 |    993 |   2 | 1225.5 |
   Elven Halls |   4384 |   4020 |    364 |   1179 |   2166 |   3 | 1461.3 |
        Vaults |  15195 |  13174 |   2021 |   6116 |   5237 |   5 | 3039.0 |
         Crypt |   5558 |   5132 |    426 |   1777 |   2145 |   3 | 1852.7 |
        Depths |  12505 |  10547 |   1958 |   4116 |   4403 |   5 | 2501.0 |
           Zot |   5339 |   4917 |    422 |   1155 |   3033 |   5 | 1067.8 |
         Abyss |    445 |    445 |      0 |     38 |    204 |   2 |  222.5 |
         Trove |    104 |    104 |      0 |      0 |     27 |   1 |  104.0 |
         Sewer |    564 |    564 |      0 |    181 |     53 |   1 |  564.0 |
       Ossuary |    214 |    214 |      0 |      0 |    111 |   1 |  214.0 |
        Bailey |    383 |    383 |      0 |    162 |      0 |   1 |  383.0 |
      Ice Cave |   1500 |   1500 |      0 |    926 |    122 |   1 | 1500.0 |
    Desolation |   3762 |   3762 |      0 |   2905 |    386 |   1 | 3762.0 |
      Gauntlet |    975 |    975 |      0 |    350 |    315 |   1 |  975.0 |
               +--------+--------+--------+--------+--------+-----+--------+

Top non-repeatable levels by time:
Vaults:4: 5265 daAuts
Desolation: 3762 daAuts
Vaults:1: 3660 daAuts
Depths:1: 3268 daAuts
 Snake:3: 3237 daAuts
Vaults:2: 3138 daAuts
 Snake:4: 2975 daAuts
    D:15: 2927 daAuts
Depths:2: 2865 daAuts
 Crypt:3: 2726 daAuts
    D:14: 2724 daAuts
Depths:4: 2428 daAuts
    D:11: 2370 daAuts
    D:13: 2356 daAuts
     D:8: 2335 daAuts
